 Dungeon Crawl Stone Soup version 0.29.1-1-gd02db6906a (webtiles) character file.

Game seed: 11633501330439291445

53498 mcbry74 the Executioner (level 14, -1/107 HPs)
             Began as a Minotaur Berserker on Sept 18, 2022.
             Was a High Priest of Trog.
             Slain by a two-headed ogre
             ... wielding a +0 giant spiked club
              (4 damage)
             ... on level 12 of the Dungeon.
             The game lasted 01:09:06 (22658 turns).

mcbry74 the Executioner (Minotaur Berserker)       Turns: 22658, Time: 01:09:07

Health: -1/107     AC: 34    Str: 24    XL:     14   Next: 31%
Magic:  13/13      EV:  7    Int:  6    God:    Trog [*****.]
Gold:   1569       SH:  0    Dex: 11    Spells: 13/13 levels left

rFire   . . .      SeeInvis .   U - +6 battleaxe (flame)
rCold   + + .      Faith    .   (shield currently unavailable)
rNeg    . . .      Spirit   .   q - +1 crystal plate armour {rC+}
rPois   .          Reflect  .   a - +2 hat {Stlth+}
rElec   .          Harm     .   L - +1 cloak {rC+}
rCorr   .          Rampage  .   F - +2 pair of gloves
Will    +....                   x - +0 pair of boots
Stlth   ..........              (no amulet)
HPRegen 0.27/turn               s - ring of flight
MPRegen 0.13/turn               (no ring)

@: flying, slowed, studying Earth Magic, very slow
A: horns 2, retaliatory headbutt
a: Renounce Religion, Berserk, Trog's Hand, Brothers in Arms


You were on level 12 of the Dungeon.
You worshipped Trog.
Trog was extremely pleased with you.
You visited 2 branches of the dungeon, and saw 17 of its levels.
You also visited: Sewer and Ice Cave.

You collected 1569 gold pieces.

Inventory:

Hand Weapons
 U - a +6 battleaxe of flaming (weapon)
 V - a +2 flail of holy wrath
Missiles
 f - 6 boomerangs
 t - 43 poisoned darts (quivered)
 C - 3 curare-tipped darts
 I - 12 javelins
 M - a throwing net
Armour
 a - a +2 hat of stealth (worn)
 c - a +0 troll leather armour
 k - +0 acid dragon scales
 q - a +1 crystal plate armour of cold resistance (worn)
 x - a +0 pair of boots (worn)
 y - the +5 scale mail of the Jocular Grue {rF+ rCorr}
   (You found it on level 3 of the Dungeon)

   rF:        It protects you from fire.
   rCorr:     It protects you from acid and corrosion.
 F - a +2 pair of gloves (worn)
 L - a +1 cloak of cold resistance (worn)
 S - the +3 chain mail of the Bagpipe {rPois Int+4}
   (You found it on level 10 of the Dungeon)

   Int:       It affects your intelligence (+4).
   rPois:     It protects you from poison.
Jewellery
 j - a ring of fire
 s - a ring of flight (left hand)
Wands
 d - a wand of light (3)
 p - a wand of mindburst (20)
 H - a wand of paralysis (7)
 K - a wand of iceblast (10)
 W - a wand of flame (17)
Scrolls
 b - a scroll of silence
 g - 2 scrolls of magic mapping
 h - 2 scrolls of identify
 l - a scroll of vulnerability
 o - 4 scrolls of teleportation
 O - 4 scrolls of blinking
 P - 2 scrolls of butterflies
Potions
 e - 7 potions of curing
 i - 2 potions of might
 n - 5 potions of cancellation
 u - 2 potions of ambrosia {unknown}
 v - 5 potions of heal wounds
 A - 2 potions of mutation {unknown}
 B - a potion of magic {unknown}
 D - 2 potions of haste {unknown}
 T - 3 potions of resistance
Miscellaneous
 z - a phial of floods
 J - a piece from Xom's chessboard (15/15)
 R - a phantom mirror


   Skills:
 + Level 5.0 Fighting
 - Level 23.1 Axes
 + Level 12.6 Throwing
 + Level 15.2 Armour
 + Level 4.1 Dodging
 + Level 2.0 Evocations


You had 13 spell levels left.
You didn't know any spells.
Your spell library was empty.

Dungeon Overview and Level Annotations

Branches:
Dungeon (12/15)            Temple (0/1) D:6            Lair (5/5) D:10
 Shoals (0/4) Lair:2        Snake (0/4) Lair:3        Slime (0/5) Lair:4
    Orc (0/2) D:10          Sewer (visited)           IceCv (visited)

Altars:
Elyvilon
Gozag
Hepliaklqana
Kikubaaqudgha
Nemelex Xobeh
Trog
Yredelemnul
The Shining One
Jiyva

Shops:
D:4 (   D:7 *   D:12 [


Innate Abilities, Weirdness & Mutations

You have a pair of horns on your head.
You reflexively headbutt those who attack you in melee.


Message History

You headbutt the two-headed ogre.
The two-headed ogre hits you with a +0 giant spiked club!
You barely miss the large slime creature.
Your headbutt misses the large slime creature.
The large slime creature is almost dead.
You hit the two-headed ogre. You burn the two-headed ogre.
A manticore comes into view.
Two slime creatures merge to form a very large slime creature.
A slime creature comes into view.
The two-headed ogre hits you with a +0 giant spiked club.
The two-headed ogre barely misses you.
The two-headed ogre hits you with a +0 giant spiked club.
The two-headed ogre barely misses you.
The two-headed ogre attacks as you move away!
The two-headed ogre hits you but does no damage. x2
The two-headed ogre attacks as you move away!
The two-headed ogre barely misses you.
The two-headed ogre hits you with a +0 giant spiked club!
The very large slime creature attacks as you move away!
The very large slime creature hits you!!
The two-headed ogre closely misses you. You furiously retaliate!
You headbutt the two-headed ogre! The two-headed ogre barely misses you.
A very large slime creature splits.
The large slime creature attacks as you move away!
The large slime creature hits you!
The large slime creature attacks as you move away!
The large slime creature hits you but does no damage.
The two-headed ogre attacks as you move away!
The two-headed ogre hits you with a +0 giant spiked club!
* * * LOW HITPOINT WARNING * * *
The two-headed ogre hits you with a +0 giant spiked club!
* * * LOW HITPOINT WARNING * * *
A large slime creature splits.
The slime creature hits you but does no damage.
There is a stone staircase leading up here.
Two slime creatures merge to form a large slime creature.
The two-headed ogre hits you with a +0 giant spiked club.
* * * LOW HITPOINT WARNING * * *
The two-headed ogre hits you with a +0 giant spiked club.
You die...

............## ######
.............## #....##
#...........# #.....#
#..........# #.....## ##.
##.........# #...(..# #
#..##.........## ##....## ##.
#..........### #######.###
#..###..#......JJ####..##.....##
......##......J@..##..........##
#...##......O.....#..........#
#.8.8.8{..........##..........
#..⌠.⌠...H....................
##8.∩.8...........##....#.....
##.⌠.⌠.............#....##....
#.8.8.8............##.####....
##.#..............##...###..(#
#.o)###[.................####.#


You could see a large slime creature, 2 slime creatures, a two-headed ogre and a
manticore.

Vanquished Creatures
  Gastronok (D:12)
  4 hydras
  A boulder beetle (Lair:5)
  Erica (D:8)
  6 death yaks (Lair:4)
  4 two-headed ogres
  A goliath frog (Lair:5)
  A necromancer (IceCv)
  Pikel (D:8)
  A manticore (Lair:2)
  4 ugly things
  2 cyclopes
  7 black mambas
  19 cane toads
  An ice statue (IceCv)
  5 rime drakes
  Psyche (D:8)
  A demonic crawler (D:11)
  8 komodo dragons
  2 kobold demonologists (D:12)
  4 freezing wraiths (IceCv)
  13 ice devils (IceCv)
  An anaconda simulacrum (IceCv)
  A troll (D:11)
  3 hornets
  A polar bear (Lair:1)
  15 blink frogs (Lair:5)
  2 tyrant leeches (Lair:5)
  A wind drake (Lair:2)
  4 dream sheep (Lair:4)
  A shadow (D:11)
  2 dire elephant simulacra (IceCv)
  38 yaks
  4 steam dragons
  4 death yak simulacra (IceCv)
  A basilisk (Lair:3)
  2 wyverns
  A harpy simulacrum (IceCv)
  2 acid dragons
  3 nagas (Lair:3)
  5 vampire mosquitoes (Lair:5)
  3 swamp worms (D:11)
  14 water moccasins
  An ice beast (D:6)
  3 orc warriors
  2 sky beasts
  A black bear (D:10)
  6 wolves (Lair:1)
  2 ogres
  4 centaurs
  A lemure (D:8)
  A phantom (D:6)
  3 kobold brigands
  18 bullfrogs
  A gnoll sergeant (D:10)
  A two-headed ogre simulacrum (IceCv)
  A necrophage (D:7)
  7 cane toad simulacra (IceCv)
  3 scorpions
  6 wights
  5 killer bees (D:8)
  2 elephant simulacra (IceCv)
  A howler monkey (D:4)
  2 electric eels (Lair:5)
  A crimson imp (D:9)
  2 hounds
  A gnoll bouda (D:4)
  5 orc priests
  8 jellies
  7 iguanas
  10 orc wizards
  A troll simulacrum (IceCv)
  4 polar bear simulacra (IceCv)
  A spriggan simulacrum (IceCv)
  3 wolf simulacra (IceCv)
  13 gnolls
  10 adders
  A naga simulacrum (IceCv)
  14 white imps
  2 ufetubi (IceCv)
  2 worms (D:2)
  2 dart slugs
  22 orcs
  19 endoplasms
  10 giant cockroaches
  10 goblins
  11 hobgoblins
  4 jackals (D:3)
  28 kobolds
  5 quokkas
  14 ball pythons
  2 bats
  10 frilled lizards
  7 rats
496 creatures vanquished.

Vanquished Creatures (collateral kills)
  A troll (D:10)
  3 orc warriors (D:10)
  3 ogres (D:10)
  2 kobold brigands (D:10)
  4 gnolls (D:10)
  2 orcs (D:10)
15 creatures vanquished.

Vanquished Creatures (others)
  A bush (D:9)
  47 fungi
  108 plants
  4 toadstools (D:1)
160 creatures vanquished.

Grand Total: 671 creatures vanquished

Notes
Turn   | Place    | Note
-------+----------+-------------------------------------------
     0 | D:1      | mcbry74 the Minotaur Berserker began the quest for the Orb.
     0 | D:1      | Reached XP level 1. HP: 19/19 MP: 0/0
   458 | D:1      | Reached XP level 2. HP: 14/27 MP: 1/1
   618 | D:1      | Reached skill level 4 in Axes
   647 | D:1      | You fall into a shaft and drop 1 floor!
   930 | D:1      | Found a faded altar of an unknown god.
  1210 | D:2      | Reached XP level 3. HP: 28/33 MP: 2/2
  1646 | D:2      | Reached XP level 4. HP: 40/40 MP: 3/3
  2102 | D:3      | Reached ** piety under Trog
  2129 | D:3      | Reached skill level 5 in Axes
  2129 | D:3      | Reached skill level 1 in Throwing
  2276 | D:3      | Identified the +5 scale mail of the Jocular Grue {rF+
                  | rCorr}
  2402 | D:3      | Reached XP level 5. HP: 38/46 MP: 4/4
  2781 | D:3      | Reached skill level 6 in Axes
  3155 | D:4      | Reached XP level 6. HP: 52/52 MP: 5/5
  3193 | D:4      | Found Oseadil's Antique Weapon Boutique.
  3564 | D:4      | Reached skill level 7 in Axes
  3575 | D:4      | Reached XP level 7. HP: 59/59 MP: 6/6
  3584 | D:4      | Reached skill level 5 in Armour
  3620 | D:4      | Reached *** piety under Trog
  4176 | D:5      | Entered Level 5 of the Dungeon
  4193 | D:5      | Reached skill level 8 in Axes
  4400 | D:5      | Found a glowing drain.
  4416 | Sewer    | Entered a sewer
  4668 | Sewer    | Reached **** piety under Trog
  4691 | Sewer    | Reached XP level 8. HP: 56/66 MP: 7/7
  5436 | D:5      | Found a white marble altar of Elyvilon.
  5436 | D:5      | Found a basalt altar of Yredelemnul.
  5463 | D:5      | Found an ancient bone altar of Kikubaaqudgha.
  5465 | D:5      | Found a hazy altar of Hepliaklqana.
  5467 | D:5      | Found a glowing golden altar of the Shining One.
  5553 | D:6      | Reached skill level 9 in Axes
  5653 | D:6      | Found a staircase to the Ecumenical Temple.
  6108 | D:6      | Found an opulent altar of Gozag.
  6108 | D:6      | Found a sparkling altar of Nemelex Xobeh.
  6268 | D:6      | Reached skill level 10 in Axes
  6268 | D:6      | Reached skill level 5 in Throwing
  6631 | D:7      | Reached XP level 9. HP: 52/71 MP: 8/8
  6906 | D:7      | Reached skill level 11 in Axes
  6948 | D:7      | Identified a scroll of acquirement
  6948 | D:7      | Acquired a manual of Axes
  7040 | D:7      | Found Agiutwoh's Hallowed Reliquary.
  7040 | D:7      | Noticed an angel
  7731 | D:8      | Reached skill level 12 in Axes
  7803 | D:8      | Noticed a two-headed ogre
  7813 | D:8      | Killed a two-headed ogre
  7814 | D:8      | Reached skill level 13 in Axes
  7894 | D:8      | Noticed Pikel
  7900 | D:8      | Noticed Erica
  7904 | D:8      | Killed Pikel
  7911 | D:8      | Killed Erica
  7912 | D:8      | Reached skill level 14 in Axes
  7912 | D:8      | Reached XP level 10. HP: 78/78 MP: 9/9
  8115 | D:8      | Noticed Psyche
  8132 | D:8      | Killed Psyche
  8381 | D:8      | Reached skill level 15 in Axes
  8704 | D:8      | Found a bloodstained altar of Trog.
  9228 | D:9      | Reached ***** piety under Trog
  9263 | D:9      | Reached skill level 16 in Axes
  9296 | D:9      | Reached skill level 10 in Armour
  9588 | D:9      | Noticed a two-headed ogre
  9598 | D:9      | Killed a two-headed ogre
  9765 | D:9      | Reached skill level 17 in Axes
 10360 | D:10     | Entered Level 10 of the Dungeon
 10452 | D:10     | Reached XP level 11. HP: 84/84 MP: 10/10
 10591 | D:10     | Found a staircase to the Lair.
 10877 | D:10     | Reached skill level 18 in Axes
 11080 | D:10     | Noticed a two-headed ogre
 11106 | D:10     | Killed a two-headed ogre
 11254 | D:10     | Identified the +3 chain mail of the Bagpipe {rPois Int+4}
 11478 | D:10     | Found a staircase to the Orcish Mines.
 11491 | D:10     | Received a gift from Trog
 11862 | Lair:1   | Entered Level 1 of the Lair of Beasts
 11877 | Lair:1   | Reached skill level 19 in Axes
 12323 | Lair:1   | You fall into a shaft and drop 1 floor!
 12401 | Lair:2   | Found a staircase to the Shoals.
 12722 | Lair:1   | Reached XP level 12. HP: 87/91 MP: 11/11
 12726 | Lair:1   | Reached skill level 20 in Axes
 13231 | Lair:1   | Reached skill level 10 in Throwing
 13803 | Lair:2   | Found an ancient bone altar of Kikubaaqudgha.
 14017 | Lair:2   | Noticed an eight-headed hydra
 14027 | Lair:2   | Killed a five-headed hydra
 14307 | Lair:3   | Found a staircase to the Snake Pit.
 14560 | Lair:3   | Found a frozen archway.
 14577 | IceCv    | Entered an ice cave
 14887 | IceCv    | Received a gift from Trog
 16049 | IceCv    | Found an ancient bone altar of Kikubaaqudgha.
 16070 | IceCv    | Reached skill level 21 in Axes
 17049 | IceCv    | Found the +2 Maxwell's thermic engine {flame, freeze}
 17332 | Lair:3   | Reached XP level 13. HP: 86/96 MP: 12/12
 18621 | Lair:4   | Reached skill level 22 in Axes
 18939 | Lair:4   | Identified the +1 spear of the Supporting Gods {freeze,
                  | *Slow rPois Int+5}
 19577 | Lair:4   | Found a viscous altar of Jiyva.
 19578 | Lair:4   | Found a staircase to the Slime Pits.
 19697 | Lair:5   | Entered Level 5 of the Lair of Beasts
 20470 | Lair:5   | Received a gift from Trog
 20479 | Lair:5   | Reached skill level 23 in Axes
 20488 | Lair:5   | Reached XP level 14. HP: 94/104 MP: 13/13
 20990 | Lair:5   | Identified the +0 robe of the Game Afoot {-Tele Rampage
                  | Will+++ Dex-3}
 21614 | D:11     | Reached skill level 15 in Armour
 21791 | D:11     | Reached skill level 1 in Evocations
 22612 | D:12     | Found Bicrotri's Antique Armour Shoppe.
 22622 | D:12     | Noticed Gastronok
 22632 | D:12     | Killed Gastronok
 22633 | D:12     | Reached skill level 5 in Fighting
 22657 | D:12     | HP: 4/107 [two-headed ogre/+0 giant spiked club (15)]
 22658 | D:12     | Slain by a two-headed ogre

Illustrated notes

Levels and vault maps discovered:
D:1:      ldierk_walled_garden_2, layout_basic,
          hellmonk_ecumenical_altar_inner_sanctum
D:2:      layout_basic
D:3:      minmay_general_purpose_star, layout_rooms, nicolae_titane
D:4:      minmay_spotlight, layout_loops_ring, serial_shops,
          nicolae_shop_statue_plus
D:5:      nicolae_cairo_tiling, layout_basic,
          chequers_temple_overflow_minitemple, portal_sewer_entry_d,
          corexii_hall_statues_i, grunt_decor_fettered
D:6:      layout_loops_cross, grunt_temple_overflow_opulence,
          minmay_temple_entry_slanted, patterned_corridor
D:7:      layout_cave_pods, minmay_misc_feat_rugged, nicolae_good_shop
D:8:      layout_basic, mainiacjoe_overflow_six_doors_small, serial_curves,
          eino_curves_02, eino_curves_04, eino_curves_01, uniq_pikel,
          uniq_erica, uniq_psyche
D:9:      layout_roguey, amcnicky_mini_corridor_feature, minmay_hedge_maze,
          chequers_garden, corexii_hall_statues_x, minmay_fire_ice_demons
D:10:     layout_long_grid, due_lair_maze_entry_diamond,
          kennysheep_orc_monster_closet_entryway
D:11:     layout_roguey, worms_lemuel
D:12:     layout_cave_pools, serial_shops,
          nicolae_shop_temple_entry_statues_fountains, fedhas_altar_1,
          uniq_gastronok
Lair:1:   layout_regular_city
Lair:2:   layout_hall_layers, minmay_shoals_entry_beasts, basic_altar,
          grunt_megastairs_4
Lair:3:   layout_roguey, guppyfry_snake_entry_garden, portal_ice_cave_entry_imps
Lair:4:   layout_gridlike, minmay_slime_entry_pillars
Lair:5:   minmay_lair_end_frog_pond, layout_regular_city, nzn_sisyphean_effort,
          lemuel_fruit_fields

Skill      XL: |  1  2  3  4  5  6  7  8  9 10 11 12 13 14 |
---------------+-------------------------------------------+-----
Axes           | 4 5 6 7 8 10 14 17 19 21 23 | 23.1
Fighting       | 4 5 |  5.0
Armour         | 3 4 5 7 9 10 12 13 14 15 | 15.2
Dodging        | 3 4 |  4.1
Throwing       | 1 2 4 5 7 8 9 11 12 | 12.6
Evocations     | 2 |  2.0

Action                   |  1- 3 |  4- 6 |  7- 9 | 10-12 | 13-15 || total
-------------------------+-------+-------+-------+-------+-------++-------
Melee: Hand axe          |    71 |   112 |   290 |       |       ||   473
       Headbutt          |     9 |    18 |    56 |   116 |    64 ||   263
       Punch             |       |     1 |     3 |     1 |       ||     5
       War axe           |       |       |    62 |   230 |       ||   292
       Battleaxe         |       |       |       |   280 |   391 ||   671
Throw: Dart              |       |    15 |     6 |    11 |     5 ||    37
       Boomerang         |       |     1 |     4 |    83 |       ||    88
       Javelin           |       |       |       |     7 |       ||     7
Invok: Berserk           |       |     2 |     3 |     3 |       ||     8
       Trog's Hand       |       |       |       |     2 |       ||     2
       Brothers in Arms  |       |       |       |     1 |       ||     1
  Use: Scroll            |       |       |    11 |    10 |     6 ||    27
Armor: Animal skin       |     4 |       |       |       |       ||     4
       Scale mail        |     5 |    46 |   134 |   117 |     3 ||   305
       Chain mail        |       |       |       |   145 |       ||   145
       Crystal plate arm |       |       |       |     7 |   220 ||   227
Dodge: Dodged            |    36 |    50 |   174 |   170 |    88 ||   518
